 Dungeon Crawl Stone Soup version 0.26-a0-808-g930a2b7adc (webtiles) character file.

Game seed: 12032419715052365740

13666 Decritt the Basher (level 12, -1/77 HPs)
             Began as a Gargoyle Fighter on Nov 12, 2020.
             Was a Follower of Ru.
             Slain by Sonja
             ... wielding a +0 dagger of distortion
              (2 damage)
             ... on level 1 of the Lair of Beasts.
             The game lasted 00:43:28 (13115 turns).

Decritt the Basher (Gargoyle Fighter)              Turns: 13115, Time: 00:43:29

Health: -1/77      AC: 26    Str: 32    XL:     12   Next: 8%
Magic:  12/12      EV:  7    Int:  8    God:    Ru [*.....]
Gold:   553        SH: 13    Dex: 15    Spells: 11/11 levels left

rFire    + . .     SeeInvis .   b - +4 morningstar
rCold    + + .     Faith    .   c - +0 kite shield
rNeg     + . .     Spirit   .   K - +0 plate armour {rC+}
rPois    ∞         Reflect  .   G - +0 helmet
rElec    +         Harm     .   N - scarf {rC+ rF+}
rCorr    .         Rampage  .   u - +0 pair of gloves
MR       .....                  (no boots)
Stlth    ..........             v - amulet of the acrobat
HPRegen  0.22/turn              B - +6 ring of dexterity
MPRegen  0.13/turn              J - +6 ring of strength

@: berserk cooldown, attractive, hasted and slowed
A: negative energy resistance 1, electricity resistance, unbreathing,
petrification resistance, rot immunity, no fire magic, no hexes magic, no
translocations magic, AC +8
a: Renounce Religion


You were on level 1 of the Lair of Beasts.
You worshipped Ru.
Ru was aware of your devotion.
You visited 2 branches of the dungeon, and saw 11 of its levels.
You visited the Abyss 1 time.

You collected 553 gold pieces.

Inventory:

Hand Weapons
 b - a +4 morningstar (weapon)
Missiles
 r - 9 poisoned darts (quivered)
 E - 7 silver javelins
Armour
 c - a +0 kite shield (worn)
 u - a +0 pair of gloves (worn)
 G - a +0 helmet (worn)
 K - a +0 plate armour of cold resistance (worn)
 M - +0 fire dragon scales
 N - a scarf of resistance (worn)
Jewellery
 n - the ring of Ciah {Ice +Blink Dex+3}
   (You found it on level 7 of the Dungeon)

   [ring of ice]

   It enhances your ice magic.
   It affects your dexterity (+3).
   It makes you vulnerable to fire.
   It protects you from cold.
   It lets you blink.
 v - an amulet of the acrobat (around neck)
 B - a +6 ring of dexterity (left hand)
 F - a cursed amulet of inaccuracy {unknown}
 H - an uncursed ring of protection from fire
 J - a +6 ring of strength (right hand)
Scrolls
 a - 2 scrolls of noise {unknown}
 f - 2 scrolls of blinking
 h - 2 scrolls of enchant armour {unknown}
 i - 2 scrolls of teleportation
 m - 3 scrolls of immolation
 q - 3 scrolls of fear {unknown}
 s - 2 scrolls of random uselessness {unknown}
 t - 3 scrolls of enchant weapon {unknown}
 z - 3 scrolls of remove curse
 I - 2 scrolls of amnesia {unknown}
Potions
 e - a potion of invisibility
 k - 3 potions of flight
 o - a potion of mutation {unknown}
 w - 4 potions of cancellation
 x - a potion of haste
 A - a potion of might
 C - 2 potions of brilliance {unknown}
 L - a potion of degeneration {unknown}


   Skills:
 + Level 10.0 Fighting
 * Level 12.1 Maces & Flails
 + Level 10.0 Armour
 + Level 10.0 Shields


You had 11 spell levels left.
You didn't know any spells.
Your spell library contained the following spells:

 Spells                   Type           Power        Failure   Level
 Freeze                   Ice            #...         99%         1
 Shock                    Conj/Air       #...         99%         1
 Summon Small Mammal      Summ           #...         99%         1
 Call Imp                 Summ           #.......     100%        2
 Swiftness                Air            #.......     100%        2
 Call Canine Familiar     Summ           #.......     100%        3
 Frozen Ramparts          Ice            #.....       100%        3
 Ozocubu's Armour         Ice            #.......     100%        3
 Static Discharge         Conj/Air       #.......     100%        3
 Airstrike                Air            #.........   100%        4
 Hailstorm                Conj/Ice       #.......     100%        4
 Summon Ice Beast         Ice/Summ       #.......     100%        4
 Summon Lightning Spire   Summ/Air       #.......     100%        4
 Lightning Bolt           Conj/Air       #.........   100%        5
 Summon Guardian Golem    Hex/Summ       Unusable     N/A         3

Dungeon Overview and Level Annotations

Branches:
Dungeon (10/15)            Temple (0/1) D:7            Lair (1/6) D:10
    Orc (0/2) D:9

Altars:
Ashenzari
Dithmenos
Gozag
Nemelex Xobeh
Qazlal
Ru
Sif Muna
Vehumet
Yredelemnul
The Shining One

Annotations:
Lair:1 Sonja


Innate Abilities, Weirdness & Mutations

You are resistant to torment.
Your stone body is resilient. (AC +8)
You are immune to poison.
You resist negative energy. (rN+)
You are resistant to electric shocks. (rElec)
You can survive without breathing.
You are immune to petrification.
You are immune to rotting.
You cannot study or cast Fire magic.
You cannot study or cast Hexes magic.
You cannot study or cast Translocations magic.


Message History

You see here 2 curare-tipped darts.
Sonja casts a spell.
Sonja blinks!
Sonja is pulled toward you!
Sonja throws a curare-tipped dart.
You block the curare-tipped dart.
You see here a curare-tipped dart.
You feel yourself speed up. Sonja is pulled toward you!
Sonja barely misses you. Sonja closely misses you.
Sonja hits you but does no damage. Space bends around you.
* * * LOW HITPOINT WARNING * * *
You block Sonja's attack. Sonja hits you but does no damage.
Space warps horribly around you!!
* * * LOW HITPOINT WARNING * * *
You block Sonja's attack.
You hit Sonja but do no damage.
Sonja is lightly wounded.
Sonja hits you but does no damage. Space bends around you.
You die...

≈≈≈≈<≈≈≈≈.# #...## #..#
≈≈≈≈.≈≈≈≈≈# ##....# #..#
≈≈≈≈≈≈≈≈≈≈# #..(.# #..#
≈≈≈≈≈≈≈≈≈.# ##...# ### ###..#
..≈≈≈≈≈≈.## #..(###.####.#..##
#....≈...# #.....((..(......#
########### ##....######.##...#
..######P.####P...#.####.###...#
................@..............#
.##########.###.K.#####P....#.##
.#### ### #...######...####
....# #######............# ....#
#..................# ....###
#.#####P...........#
..[.@P###.#####......###...####.
...........#.#.......###........
............##........##(.......


You could see Sonja.

Vanquished Creatures
  A tentacled starspawn (Abyss:1)
  A fire dragon (D:9)
  Harold (Lair:1)
  A two-headed ogre (D:10)
  Urug (D:10)
  A centaur zombie (D:9)
  A gargoyle (D:10)
  Maggie (D:6)
  A polar bear (Lair:1)
  Prince Ribbit (D:6)
  A slime creature (D:9)
  A wyvern (D:10)
  Eustachio (D:4)
  15 yaks
  A steam dragon (D:9)
  Menkaure (D:4)
  A water moccasin (D:8)
  2 sky beasts
  A black bear (D:9)
  3 orc warriors (D:9)
  An eye of draining (D:9)
  2 ice beasts
  A phantom (D:5)
  7 ogres
  A centaur (D:9)
  Blork the orc (D:4)
  A big kobold (D:8)
  5 bullfrogs
  A wyvern skeleton (D:9)
  3 scorpions
  3 killer bees (D:7)
  10 wights
  4 howler monkeys
  9 electric eels
  2 quasits
  A bullfrog zombie (D:9)
  12 jellies
  7 orc priests
  A bullfrog skeleton (D:5)
  2 centaur skeletons
  6 hounds
  10 orc wizards
  Jessica (D:2)
  6 iguanas
  4 worker ants
  A killer bee zombie (D:8)
  A hound skeleton (D:4)
  4 gnolls (D:5)
  14 adders
  2 shadow imps
  3 white imps
  3 adder zombies
  16 oozes
  3 adder skeletons
  4 worms
  3 dart slugs
  6 leopard geckos
  30 orcs
  4 bats
  4 giant cockroaches
  5 goblins
  6 hobgoblins
  14 jackals
  4 quokkas
  5 ball pythons
  2 frilled lizards
  A jackal zombie (D:8)
  8 kobolds
  A leopard gecko skeleton (D:7)
  A quokka skeleton (D:9)
  A quokka zombie (D:9)
  8 rats
292 creatures vanquished.

Vanquished Creatures (others)
  An orc warrior (D:9)
  An ooze (D:9)
  An orc (D:7)
  A quokka (D:6)
  3 fungi
  13 plants
  13 starspawn tentacles (Abyss:1)
33 creatures vanquished.

Grand Total: 325 creatures vanquished

Notes
Turn   | Place    | Note
-------+----------+-------------------------------------------
     0 | D:1      | Decritt the Gargoyle Fighter began the quest for the Orb.
     0 | D:1      | Reached XP level 1. HP: 14/14 MP: 1/1
   704 | D:2      | Reached XP level 2. HP: 19/19 MP: 2/2
  1021 | D:2      | Found a glowing golden altar of the Shining One.
  1053 | D:2      | Reached XP level 3. HP: 23/23 MP: 3/3
  1255 | D:2      | Found a sparkling altar of Nemelex Xobeh.
  1641 | D:3      | Noticed Jessica
  1658 | D:2      | Reached skill level 3 in Maces & Flails
  1806 | D:2      | Reached XP level 4. HP: 26/29 MP: 4/4
  1881 | D:2      | Killed Jessica
  1881 | D:2      | Reached XP level 5. HP: 23/33 MP: 5/5
  2583 | D:3      | Reached skill level 4 in Maces & Flails
  2805 | D:3      | Found a stormy altar of Qazlal.
  2983 | D:4      | Found an opulent altar of Gozag.
  3023 | D:4      | Noticed an ogre
  3041 | D:3      | Reached XP level 6. HP: 29/39 MP: 6/6
  3389 | D:4      | Noticed Menkaure
  3400 | D:4      | Killed Menkaure
  3400 | D:4      | Reached skill level 5 in Maces & Flails
  3400 | D:4      | Reached XP level 7. HP: 26/44 MP: 7/7
  3412 | D:4      | Reached skill level 5 in Shields
  3561 | D:4      | Reached skill level 5 in Fighting
  3561 | D:4      | Reached skill level 5 in Armour
  4077 | D:4      | Noticed Blork the orc
  4079 | D:4      | Found a shimmering blue altar of Sif Muna.
  4106 | D:4      | Killed Blork the orc
  4113 | D:4      | Reached XP level 8. HP: 10/50 MP: 8/8
  4506 | D:5      | Entered Level 5 of the Dungeon
  4614 | D:5      | Reached skill level 6 in Maces & Flails
  4879 | D:5      | Noticed Eustachio
  4937 | D:4      | Killed Eustachio
  5119 | D:5      | Reached skill level 7 in Maces & Flails
  5484 | D:6      | Noticed Maggie
  5489 | D:6      | Reached XP level 9. HP: 56/56 MP: 9/9
  5814 | D:6      | Killed Maggie
  6087 | D:6      | Found a basalt altar of Yredelemnul.
  6087 | D:6      | Found a sacrificial altar of Ru.
  6088 | D:6      | Found a broken altar of Ashenzari.
  6089 | D:6      | Noticed Prince Ribbit
  6104 | D:6      | Killed Prince Ribbit
  6104 | D:6      | Reached skill level 8 in Maces & Flails
  6105 | D:6      | Became a worshipper of Ru the Awakened
  7616 | D:7      | Found a staircase to the Ecumenical Temple.
  7715 | D:7      | Got a fine glass ring
  7717 | D:7      | Identified the ring of Ciah {Ice +Blink Dex+3} (You found
                  | it on level 7 of the Dungeon)
  7760 | D:7      | Found a radiant altar of Vehumet.
  8239 | D:8      | Reached skill level 9 in Maces & Flails
  8318 | D:8      | Reached XP level 10. HP: 63/63 MP: 10/10
  8319 | D:8      | Gained mutation: You cannot study or cast Fire magic. [Ru
                  | sacrifice]
  8319 | D:8      | Gained mutation: You cannot study or cast Hexes magic. [Ru
                  | sacrifice]
  8319 | D:8      | Gained mutation: You cannot study or cast Translocations
                  | magic. [Ru sacrifice]
  8319 | D:8      | Reached * piety under Ru
  8378 | D:8      | Found a shadowy altar of Dithmenos.
  9228 | D:9      | Reached skill level 10 in Maces & Flails
  9386 | D:9      | Reached XP level 11. HP: 50/69 MP: 11/11
 10186 | D:9      | You fall into a shaft and drop 1 floor!
 10186 | D:10     | Entered Level 10 of the Dungeon
 10331 | D:9      | Found a staircase to the Orcish Mines.
 10493 | D:10     | Found a staircase to the Lair.
 10493 | D:10     | Noticed a fire dragon
 10623 | D:10     | Found a stormy altar of Qazlal.
 10775 | D:10     | Reached skill level 11 in Maces & Flails
 10839 | D:10     | Noticed Urug
 10865 | D:10     | Killed Urug
 11352 | D:9      | Killed a fire dragon
 11964 | D:10     | Noticed a two-headed ogre
 11977 | D:10     | Killed a two-headed ogre
 12410 | Lair:1   | Entered Level 1 of the Lair of Beasts
 12493 | Lair:1   | Noticed Harold
 12540 | Lair:1   | Killed Harold
 12673 | Lair:1   | Noticed Sonja
 12676 | Lair:1   | Cast into level 1 of the Abyss (Sonja)
 12676 | Abyss:1  | Found a corrupted altar of Lugonu.
 12705 | Abyss:1  | Noticed a thrashing horror
 12708 | Abyss:1  | Noticed a thrashing horror
 12823 | Abyss:1  | Noticed a tentacled starspawn
 12823 | Abyss:1  | Noticed a thrashing horror
 12836 | Abyss:1  | Noticed a large abomination
 12933 | Abyss:1  | HP: 3/72 [tentacled starspawn (9)]
 12936 | Abyss:1  | Killed a tentacled starspawn
 12936 | Abyss:1  | Reached skill level 10 in Fighting
 12936 | Abyss:1  | Reached skill level 12 in Maces & Flails
 12936 | Abyss:1  | Reached skill level 10 in Armour
 12936 | Abyss:1  | Reached skill level 10 in Shields
 12936 | Abyss:1  | Reached XP level 12. HP: 35/77 MP: 12/12
 13009 | Abyss:1  | Noticed a lich
 13011 | Abyss:1  | Noticed a purple draconian
 13018 | Abyss:1  | Paralysed by a lich for 5 turns
 13021 | Abyss:1  | Noticed a bone dragon
 13043 | Abyss:1  | Paralysed by a lich for 3 turns
 13066 | Abyss:1  | Noticed a tentacled starspawn
 13087 | Lair:1   | Escaped the Abyss
 13114 | Lair:1   | HP: 1/77 [Sonja/+0 dagger of distortion (18)]
 13115 | Lair:1   | Slain by Sonja

Illustrated notes

Levels and vault maps discovered:
D:1:      giann_wishing_wells, layout_basic
D:2:      layout_basic, lemuel_doored_altar, nemelex_altar_shiori
D:3:      layout_basic, grunt_qazlal_clouds, gup_sewer_entry_bubbles,
          uniq_jessica
D:4:      layout_rooms, lemuel_coloured_pillars_altar, kennysheep_mini,
          kennysheep_generic_room_11, uniq_menkaure, uniq_blork_the_orc
D:5:      layout_gridville, minmay_misc_feat_chi, uniq_eustachio
D:6:      kennysheep_big_flooded_room, layout_rooms,
          gammafunk_temple_overflow_forgotten, uniq_prince_ribbit1, uniq_maggie
D:7:      layout_basic, vehumet_crystals, minmay_temple_entry_antechambers,
          serial_bayou, serial_bayou_crossing, serial_bayou_lake_a,
          serial_bayou_pond_e, serial_bayou_pond_b
D:8:      layout_rooms, nicolae_dithmenos_the_darkroom,
          hangedman_abyss_or_decor_jellyfish_corner
D:9:      lemuel_slime, layout_cave_pools, david_orc_4
D:10:     layout_basic, minmay_lair_entry_lava, basic_altar,
          due_unseen_surprise, uniq_urug
Lair:1:   layout_gridlike, portal_ice_cave_entry_imps,
          infiniplex_staircase_pool_2, uniq_harold, uniq_sonja

Skill      XL: |  1  2  3  4  5  6  7  8  9 10 11 |
---------------+----------------------------------+-----
Maces & Flails | 3 4 5 7 9 10 12 | 12.1
Fighting       | 4 5 6 7 8 10 | 10.0
Armour         | 4 5 6 7 8 10 | 10.0
Shields        | 4 5 6 7 8 10 | 10.0

Action                   |  1- 3 |  4- 6 |  7- 9 | 10-12 || total
-------------------------+-------+-------+-------+-------++-------
Melee: Flail             |    79 |   217 |   193 |       ||   489
       Mace              |       |       |   282 |   124 ||   406
       Morningstar       |       |       |       |   344 ||   344
Throw: Dart              |    40 |    63 |    71 |   134 ||   308
       Javelin           |       |       |    55 |     1 ||    56
Invok: Sacrifice Arcana  |       |       |       |     1 ||     1
       Reject Sacrifices |       |       |       |     1 ||     1
 Abil: Evoke Blink       |       |       |     1 |       ||     1
  Use: Scroll            |     5 |       |     7 |    10 ||    22
       Potion            |       |       |     6 |     9 ||    15
 Stab: Invisible         |       |       |     4 |       ||     4
       Distracted        |       |       |       |     1 ||     1
Armor: Scale mail        |    20 |       |       |    16 ||    36
       Chain mail        |    40 |   120 |   213 |       ||   373
       Plate armour      |       |       |    56 |   268 ||   324
       Swamp dragon scal |       |       |    32 |       ||    32
       Skin              |       |       |     4 |       ||     4
Dodge: Dodged            |    22 |    60 |   176 |   173 ||   431
Block: Kite shield       |    44 |   100 |   294 |   342 ||   780

Table legend: (Time is in decaauts)
 A = Elapsed time spent in this place.
 B = Non-inter-level travel time spent in this place.
 C = Inter-level travel time spent in this place.
 D = Time resting spent in this place.
 E = Time spent auto-exploring this place.
 F = Levels seen in this place.
 G = Mean time per level.
                   A        B        C        D        E       F      G
               +--------+--------+--------+--------+--------+-----+--------+
         Total |  13426 |  13175 |    251 |   2940 |   6902 |  12 | 1118.8 |
       Dungeon |  12716 |  12465 |    251 |   2791 |   6749 |  10 | 1271.6 |
          Lair |    298 |    298 |      0 |      0 |    152 |   1 |  298.0 |
         Abyss |    411 |    411 |      0 |    149 |      0 |   1 |  411.0 |
               +--------+--------+--------+--------+--------+-----+--------+

Top non-repeatable levels by time:
     D:9: 2068 daAuts
    D:10: 1422 daAuts
     D:3: 1407 daAuts
     D:7: 1402 daAuts
     D:2: 1373 daAuts
     D:4: 1336 daAuts
     D:5: 1146 daAuts
     D:6: 1087 daAuts
     D:8: 889 daAuts
     D:1: 582 daAuts
 Abyss:1: 411 daAuts
  Lair:1: 298 daAuts
